[Event "10th Iberoamericano-ch 2024"]
[Site "Linares"]
[Date "2024.09.26"]
[Round "3.29"]
[White "Barrenechea Bahamonde, Gustavo"]
[Black "Blanco Acevedo, Cristobal Jose"]
[Result "1/2-1/2"]
[ECO "B30"]
[WhiteElo "2093"]
[BlackElo "2301"]
[Annotator "RC"]
[PlyCount "125"]
[EventDate "2024.09.25"]
[EventType "swiss"]
[EventCountry "ESP"]
[SourceTitle "playchess.com"]
[Source "ChessBase"]
[SourceQuality "1"]
[TimeControl "5400+30"]

1. e4 c5 2. Nf3 Nc6 3. Bb5 e6 4. O-O Nge7 5. Ba4 a6 6. c4 e5 7. b4 cxb4 8. a3 Ng6 9. Bb2 bxa3 10. Nxa3 Bc5 11. Nc2 b5 12. cxb5 axb5 13. Bxb5 Rb8 14. Bxc6 Rxb2 15. Bd5 O-O 16. Ne3 d6 17. Ra8 Nf4 18. Qa1 Rb4 19. Rb1 Rxb1+ 20. Qxb1 Qc7 21. Ba2 Qb7 22. Qxb7 Bxb7 23. Rxf8+ Kxf8 24. Ng5 h6 25. Nxf7 Bxe4 26. f3 Ba8 27. Kf1 Bc6 28. g3 Nd3 29. Nd8 Bxf3 30. Ne6+ Ke7 31. Nxg7 Nb4 32. Bc4 Kf6 33. Ne8+ Ke7 34. Ng7 Kf6 35. Ne8+ Kg6 36. Nc7 Be4 37. Na6 Nxa6 38. Bxa6 d5 39. Bb7 Bd3+ 40. Kg2 d4 41. Ng4 Bd6 42. Nf2 Bb5 43. d3 Bb4 44. Be4+ Kg7 45. Ng4 Bd6 46. Nf2 Bd7 47. Kf3 h5 48. h3 Kh6 49. Bd5 Bf5 50. g4 hxg4+ 51. hxg4 Bh7 52. Ne4 Be7 53. Be6 Bh4 54. Bf5 Bg8 55. Nd6 Bd5+ 56. Be4 Bb3 57. Nf5+ Kg5 58. Nxh4 Kxh4 59. Bf5 Bd5+ 60. Be4 Be6 61. Bc6 Bxg4+ 62. Ke4 Be2 63. Kxe5 1/2-1/2

[Event "10th Iberoamericano-ch 2024"]
[Site "Linares"]
[Date "2024.09.26"]
[Round "3.30"]
[White "Sicilia Laino, Juan Diego"]
[Black "Iglesias Ferreira, Andres"]
[Result "1-0"]
[ECO "B93"]
[WhiteElo "2090"]
[BlackElo "2285"]
[Annotator "RC"]
[PlyCount "51"]
[EventDate "2024.09.25"]
[EventType "swiss"]
[EventCountry "ESP"]
[SourceTitle "playchess.com"]
[Source "ChessBase"]
[SourceQuality "1"]
[TimeControl "5400+30"]

1. e4 c5 2. Nf3 d6 3. d4 cxd4 4. Nxd4 Nf6 5. Nc3 a6 6. f4 e5 7. Nf5 Nxe4 8. Nxg7+ Bxg7 9. Nxe4 d5 10. Ng3 O-O 11. Be2 e4 12. f5 Qa5+ 13. c3 Qc5 14. Bg5 Be5 15. Qd2 f6 16. Bh6 Rd8 17. Nxe4 Qe7 18. Ng3 Nc6 19. O-O d4 20. Bc4+ Kh8 21. Nh5 dxc3 22. Qe2 Rg8 23. bxc3 b5 24. Bxg8 Bd4+ 25. cxd4 Qxe2 26. Bf7 1-0

[Event "10th Iberoamericano-ch 2024"]
[Site "Linares"]
[Date "2024.09.26"]
[Round "3.31"]
[White "Giron, Jorge Ernesto"]
[Black "Ontanon Gomez, Pablo"]
[Result "1-0"]
[ECO "A54"]
[WhiteElo "2276"]
[BlackElo "2118"]
[Annotator "RC"]
[PlyCount "95"]
[EventDate "2024.09.25"]
[EventType "swiss"]
[EventCountry "ESP"]
[SourceTitle "playchess.com"]
[Source "ChessBase"]
[SourceQuality "1"]
[TimeControl "5400+30"]

1. d4 Nf6 2. c4 d6 3. Nc3 e5 4. Nf3 e4 5. Nd2 Qe7 6. e3 g6 7. Be2 h5 8. h3 Bg7 9. b4 c6 10. a4 Bf5 11. a5 a6 12. Ba3 Nbd7 13. Na4 h4 14. b5 O-O 15. bxc6 bxc6 16. c5 Nd5 17. Nc4 Qg5 18. Kf1 dxc5 19. Nxc5 Nxc5 20. Bxc5 Rfd8 21. Nb6 Rab8 22. Bxa6 Nc7 23. Bc4 Be6 24. Qc2 Bxc4+ 25. Nxc4 Ne6 26. Bb6 Rf8 27. Qxe4 c5 28. Kg1 cxd4 29. exd4 Rbc8 30. Ne5 Nf4 31. Kh2 Bxe5 32. dxe5 Rc4 33. Qf3 Qxe5 34. Rhe1 Ne2+ 35. Kh1 Re4 36. Be3 Nd4 37. Qd1 Nb5 38. Bb6 Re8 39. Rxe4 Qxe4 40. Qa4 Qe5 41. Rc1 Qg5 42. Rb1 Nd6 43. a6 Qf5 44. Rd1 Rc8 45. a7 Qb5 46. Qxb5 Nxb5 47. Rd5 Nxa7 48. Bxa7 1-0

[Event "10th Iberoamericano-ch 2024"]
[Site "Linares"]
[Date "2024.09.26"]
[Round "3.32"]
[White "Palma Villanueva, Miguel Tadeo"]
[Black "Jimenez Fernandez, Rebeca"]
[Result "1-0"]
[ECO "B12"]
[WhiteElo "2266"]
[BlackElo "2097"]
[Annotator "RC"]
[PlyCount "63"]
[EventDate "2024.09.25"]
[EventType "swiss"]
[EventCountry "ESP"]
[SourceTitle "playchess.com"]
[Source "ChessBase"]
[SourceQuality "1"]
[TimeControl "5400+30"]

1. e4 c6 2. d4 d5 3. e5 c5 4. Nf3 cxd4 5. Qxd4 Nc6 6. Qf4 e6 7. Bd3 Nb4 8. Nc3 Nxd3+ 9. cxd3 Qd7 10. O-O Ne7 11. Bd2 Ng6 12. Qg3 b6 13. h4 Ba6 14. h5 Ne7 15. Nd4 Rg8 16. Rfc1 g6 17. h6 g5 18. a4 Nf5 19. Nxf5 exf5 20. Qf3 Rd8 21. Ne2 Bxh6 22. Qh5 Rg6 23. Nd4 Bxd3 24. Rc3 Ba6 25. Rac1 Rc8 26. Rxc8+ Bxc8 27. Nb5 Kf8 28. Rc7 Qd8 29. Bb4+ Kg7 30. Be7 Qe8 31. Bf6+ Rxf6 32. exf6+ 1-0

[Event "10th Iberoamericano-ch 2024"]
[Site "Linares"]
[Date "2024.09.26"]
[Round "3.33"]
[White "Dias, Ivo Rodrigues"]
[Black "Moral Garcia, Serafin"]
[Result "0-1"]
[ECO "C78"]
[WhiteElo "2077"]
[BlackElo "2262"]
[Annotator "RC"]
[PlyCount "100"]
[EventDate "2024.09.25"]
[EventType "swiss"]
[EventCountry "ESP"]
[SourceTitle "playchess.com"]
[Source "ChessBase"]
[SourceQuality "1"]
[TimeControl "5400+30"]

1. e4 e5 2. Nf3 Nc6 3. Bb5 a6 4. Ba4 Nf6 5. O-O Bc5 6. Nxe5 Nxe5 7. d4 b5 8. Bb3 Bxd4 9. Qxd4 d6 10. f4 c5 11. Qd1 Nc6 12. a4 Bb7 13. Nc3 c4 14. Ba2 O-O 15. Be3 Nb4 16. e5 dxe5 17. Bc5 Nxa2 18. Rxa2 Re8 19. axb5 axb5 20. Qxd8 Raxd8 21. Ra7 Bc6 22. Rc7 Rc8 23. Rxc8 Rxc8 24. fxe5 Ng4 25. Bd4 Rd8 26. Rf4 h5 27. h3 g5 28. Rf5 Rxd4 29. Rxg5+ Kf8 30. hxg4 hxg4 31. e6 fxe6 32. Re5 Ke7 33. Kf2 Kd6 34. Re2 e5 35. Kg3 Ke6 36. Rf2 Rd8 37. Kxg4 Rg8+ 38. Kh3 Ra8 39. g4 e4 40. g5 Ke5 41. Kg4 Bd7+ 42. Kh5 e3 43. Rf3 Rh8+ 44. Kg6 Rh3 45. Rf8 b4 46. Ne2 Rh2 47. Ng3 e2 48. Nxe2 Rxe2 49. Rd8 Bf5+ 50. Kg7 Rxc2 0-1

[Event "10th Iberoamericano-ch 2024"]
[Site "Linares"]
[Date "2024.09.26"]
[Round "3.34"]
[White "Jimenez Ruano, Adrian"]
[Black "Jodorcovsky Werjivker, Paulo"]
[Result "0-1"]
[ECO "D31"]
[WhiteElo "2255"]
[BlackElo "2092"]
[Annotator "RC"]
[PlyCount "72"]
[EventDate "2024.09.25"]
[EventType "swiss"]
[EventCountry "ESP"]
[SourceTitle "playchess.com"]
[Source "ChessBase"]
[SourceQuality "1"]
[TimeControl "5400+30"]

1. d4 d5 2. c4 e6 3. Nc3 a6 4. cxd5 exd5 5. Bf4 Nf6 6. e3 c5 7. Nge2 Nc6 8. g3 cxd4 9. Nxd4 Bg4 10. Nxc6 bxc6 11. Qa4 Bd7 12. Bg2 Bc5 13. O-O O-O 14. Rac1 Re8 15. Qc2 Ba7 16. e4 d4 17. Na4 Qa5 18. b3 Qh5 19. Rfe1 d3 20. Qxd3 Ng4 21. Qxd7 Bxf2+ 22. Kf1 Qxh2 23. Qxg4 Qg1+ 24. Ke2 Qxg2 25. Nc3 Bb6+ 26. Kd3 Rad8+ 27. Nd5 cxd5 28. Re2 dxe4+ 29. Kc2 Qf3 30. Qxf3 exf3 31. Rxe8+ Rxe8 32. Kd3 f2 33. Bd2 f5 34. b4 g5 35. a4 f4 36. gxf4 g4 0-1

[Event "10th Iberoamericano-ch 2024"]
[Site "Linares"]
[Date "2024.09.26"]
[Round "3.35"]
[White "Li Chen, Helena Joana"]
[Black "Masague Artero, Guerau"]
[Result "0-1"]
[ECO "B08"]
[WhiteElo "2068"]
[BlackElo "2251"]
[Annotator "RC"]
[PlyCount "106"]
[EventDate "2024.09.25"]
[EventType "swiss"]
[EventCountry "ESP"]
[SourceTitle "playchess.com"]
[Source "ChessBase"]
[SourceQuality "1"]
[TimeControl "5400+30"]

1. e4 g6 2. d4 Bg7 3. Nf3 d6 4. Be2 Nf6 5. Nc3 O-O 6. h3 a6 7. a4 Nc6 8. d5 Na7 9. Be3 e5 10. Qd2 Bd7 11. a5 Nb5 12. Nxb5 axb5 13. Qb4 c5 14. dxc6 bxc6 15. Qxd6 Nxe4 16. Qb4 Nf6 17. c4 bxc4 18. Bxc4 Nd5 19. Bxd5 cxd5 20. Bb6 Qf6 21. h4 d4 22. O-O Bc6 23. Qb3 d3 24. Rfd1 e4 25. Nd4 Bd7 26. Qd5 Bg4 27. Qxe4 Bxd1 28. Rxd1 Rfe8 29. Qxd3 Qxh4 30. b4 Be5 31. g3 Qg4 32. Qe2 Qh3 33. Qf1 Qg4 34. Qe2 Qc8 35. Qf3 Qc4 36. Nc6 Bb2 37. Ne7+ Kg7 38. Nd5 Rac8 39. Qd3 Re1+ 40. Kh2 Rxd1 41. Qxd1 Qe4 42. a6 Rc1 43. f3 Qc4 44. Ne3 Qxb4 45. Nd5 Qc4 46. Ne3 Qc3 47. Qd5 Qb4 48. a7 Qxb6 49. a8=Q Qxe3 50. Qa4 Qg1+ 51. Kh3 Qh1+ 52. Kg4 f5+ 53. Kf4 Qh6# 0-1

[Event "10th Iberoamericano-ch 2024"]
[Site "Linares"]
[Date "2024.09.26"]
[Round "3.36"]
[White "Cabezas Solano, David Alejandro"]
[Black "Lorente Serrano, Rosa Adela"]
[Result "0-1"]
[ECO "A05"]
[WhiteElo "2248"]
[BlackElo "2087"]
[Annotator "RC"]
[PlyCount "100"]
[EventDate "2024.09.25"]
[EventType "swiss"]
[EventCountry "ESP"]
[SourceTitle "playchess.com"]
[Source "ChessBase"]
[SourceQuality "1"]
[TimeControl "5400+30"]

1. Nf3 Nf6 2. g3 g6 3. b3 Bg7 4. Bb2 d6 5. d4 b5 6. Bg2 Bb7 7. Qd3 a6 8. c4 bxc4 9. bxc4 O-O 10. O-O Nbd7 11. Nbd2 a5 12. Qc2 c5 13. d5 a4 14. Rab1 Qc7 15. e4 Nb6 16. e5 dxe5 17. Bxe5 Qd8 18. Qb2 Ra6 19. Qb5 Nfd7 20. Bxg7 Kxg7 21. Bh3 Bc8 22. Ne4 Qc7 23. Rfd1 Qa7 24. Nxc5 Nxc5 25. Qxc5 Bxh3 26. Qd4+ Kg8 27. Ne5 Nc8 28. c5 Bf5 29. Rb4 Qc7 30. g4 Bd7 31. Rdb1 Be8 32. Rb7 Qa5 33. Nc4 Qd8 34. Rb8 Bc6 35. Nb6 Qc7 36. Nxc8 Rxc8 37. Rxc8+ Qxc8 38. dxc6 Rxc6 39. Rc1 h5 40. h3 hxg4 41. hxg4 Ra6 42. Kg2 e5 43. Qc4 Rf6 44. f3 Rf4 45. Qc3 e4 46. Rh1 exf3+ 47. Kf2 f6 48. Qe3 Rxg4 49. Qe7 Rg2+ 50. Kxf3 Qg4+ 0-1

[Event "10th Iberoamericano-ch 2024"]
[Site "Linares"]
[Date "2024.09.26"]
[Round "3.37"]
[White "Gavarrete, Joel"]
[Black "Bendayan Claros, Aaron"]
[Result "1-0"]
[ECO "A05"]
[WhiteElo "2059"]
[BlackElo "2200"]
[Annotator "RC"]
[PlyCount "152"]
[EventDate "2024.09.25"]
[EventType "swiss"]
[EventCountry "ESP"]
[SourceTitle "playchess.com"]
[Source "ChessBase"]
[SourceQuality "1"]
[TimeControl "5400+30"]

1. Nf3 Nf6 2. b3 d5 3. Bb2 Bf5 4. e3 e6 5. d4 h6 6. Bd3 Bxd3 7. Qxd3 c6 8. Nbd2 Nbd7 9. O-O Be7 10. c4 O-O 11. Ne5 a5 12. a3 Kh8 13. f4 Bd6 14. c5 Bc7 15. b4 Qe7 16. b5 Nxe5 17. fxe5 Nd7 18. b6 Bd8 19. e4 f6 20. exf6 Nxf6 21. e5 Nh7 22. a4 Ng5 23. Rxf8+ Qxf8 24. Rf1 Qe8 25. g3 Be7 26. Kg2 Kg8 27. Bc3 Qh5 28. h4 Nf7 29. Qf3 Qxf3+ 30. Nxf3 h5 31. Re1 g5 32. Nd2 gxh4 33. gxh4 Bxh4 34. Rh1 Bg5 35. Nb3 h4 36. Nxa5 Nd8 37. Kf3 Kf7 38. Rh3 Be7 39. Kg4 Ke8 40. Rf3 Kd7 41. Kh5 Ke8 42. Kg6 Kd7 43. Be1 Ke8 44. Ra3 Kd7 45. Ra1 Ra6 46. Nb3 Ke8 47. a5 Nf7 48. Bd2 Nh8+ 49. Kg7 Nf7 50. Rf1 Nd8 51. Rf3 Ra8 52. Be1 Ra6 53. Rh3 Ra8 54. Bxh4 Bf8+ 55. Kg6 Nf7 56. Rf3 Nh6 57. Rxf8+ Kxf8 58. Kxh6 Kf7 59. Bf6 Ra6 60. Bd8 Ra8 61. Bc7 Rh8+ 62. Kg5 Rg8+ 63. Kf4 Ra8 64. Bd6 Ke8 65. Kg4 Kf7 66. Kf4 Ke8 67. Ke3 Kd7 68. Kd3 Kc8 69. Kc3 Kd7 70. Kb4 Kc8 71. Nd2 Kd8 72. Nf3 Ke8 73. Ng5 Kd7 74. Ka4 Ra6 75. Bb8 Ra8 76. Ba7 Rf8 1-0

[Event "10th Iberoamericano-ch 2024"]
[Site "Linares"]
[Date "2024.09.26"]
[Round "3.38"]
[White "Rodriguez Redondo, Adhara"]
[Black "Castillo Beitia, Ashley Alexandra"]
[Result "1/2-1/2"]
[ECO "B76"]
[WhiteElo "2184"]
[BlackElo "2071"]
[Annotator "RC"]
[PlyCount "135"]
[EventDate "2024.09.25"]
[EventType "swiss"]
[EventCountry "ESP"]
[SourceTitle "playchess.com"]
[Source "ChessBase"]
[SourceQuality "1"]
[TimeControl "5400+30"]

1. e4 c5 2. Nf3 d6 3. d4 cxd4 4. Nxd4 Nf6 5. Nc3 g6 6. Be3 Bg7 7. f3 Nc6 8. Qd2 O-O 9. O-O-O d5 10. exd5 Nxd5 11. Nxc6 bxc6 12. Bd4 e5 13. Bc5 Re8 14. Ne4 Qc7 15. h4 f5 16. Nd6 Rd8 17. Nxc8 Raxc8 18. h5 Nb6 19. Bxb6 Qxb6 20. Bc4+ Kf8 21. Qc3 Qc5 22. Qb3 Qe7 23. hxg6 Bh6+ 24. Kb1 hxg6 25. a4 Kg7 26. g4 fxg4 27. fxg4 Bf4 28. Rxd8 Qxd8 29. Qh3 Qh8 30. Qf3 Qf8 31. Be6 Rb8 32. Qxc6 Qb4 33. Qd7+ Kf6 34. Bb3 Qb7 35. Qe6+ Kg5 36. Rd1 Qf3 37. Rd6 Qxg4 38. Qxg6+ Kh4 39. Qh7+ Qh5 40. Qe4 Rb6 41. Rd3 Qg6 42. Qh1+ Kg5 43. Bd5 Rb4 44. Qg1+ Kf5 45. Qxa7 Rd4 46. Qd7+ Kf6 47. Qe6+ Kg5 48. Qxg6+ Kxg6 49. Rxd4 exd4 50. b4 Bd2 51. b5 Kf6 52. Kb2 Ke5 53. Bc6 Kd6 54. Kb3 Kc5 55. Be4 Bc3 56. Bd3 Bd2 57. Bg6 Bc3 58. Bf7 Bd2 59. Kb2 Kb4 60. Bb3 Kc5 61. Kb1 Kb6 62. c4 dxc3 63. Kc2 Be1 64. Kd3 c2 65. Bxc2 Ba5 66. Kc4 Be1 67. Kd5 Ba5 68. Kd4 1/2-1/2

[Event "10th Iberoamericano-ch 2024"]
[Site "Linares"]
[Date "2024.09.26"]
[Round "3.39"]
[White "Rodriguez Lopez, Rafael"]
[Black "Aragon Trujillo, Ricardo M."]
[Result "1/2-1/2"]
[ECO "A08"]
[WhiteElo "2162"]
[BlackElo "2057"]
[Annotator "RC"]
[PlyCount "231"]
[EventDate "2024.09.25"]
[EventType "swiss"]
[EventCountry "ESP"]
[SourceTitle "playchess.com"]
[Source "ChessBase"]
[SourceQuality "1"]
[TimeControl "5400+30"]

1. Nf3 d5 2. g3 Nf6 3. Bg2 c5 4. O-O Nc6 5. d4 e6 6. c4 cxd4 7. cxd5 exd5 8. Nxd4 Be7 9. Nc3 O-O 10. Be3 a6 11. Qc2 Be6 12. Rad1 Rc8 13. Qd3 Ne5 14. Qb1 Nc4 15. Bc1 Qa5 16. Nb3 Qd8 17. e4 Na3 18. Qd3 dxe4 19. Qxd8 Bxd8 20. Nxe4 Nc4 21. Nxf6+ Bxf6 22. Bxb7 Rb8 23. Bxa6 Rb6 24. Nc5 Nxb2 25. Nxe6 Rxe6 26. Bxb2 Bxb2 27. Bc4 Re7 28. Rd2 Ba3 29. Rfd1 g6 30. Rd3 Ra8 31. Rd7 Ra7 32. Rd8+ Kg7 33. Kg2 h5 34. R1d3 Rec7 35. Bb3 Re7 36. Kf3 Ra6 37. R8d7 Ra7 38. R7d5 Ra6 39. Kg2 Raa7 40. h3 Rec7 41. f4 Re7 42. Kf3 Kf6 43. g4 hxg4+ 44. hxg4 Kg7 45. g5 f6 46. Rd8 Reb7 47. Rg8+ Kh7 48. Rdd8 fxg5 49. Rh8+ Kg7 50. fxg5 Rxb3+ 51. axb3 Be7 52. Ra8 Rd7 53. Kf4 Rb7 54. Ke5 Rxb3 55. Ke6 Re3+ 56. Kd7 Bxg5 57. Rag8+ Kf7 58. Rf8+ Kg7 59. Rhg8+ Kh7 60. Ra8 Bf4 61. Rgf8 g5 62. Rf6 Kg7 63. Rc6 Rd3+ 64. Ke6 Kg6 65. Rg8+ Kh5 66. Kf5 Rd5+ 67. Ke4 Re5+ 68. Kf3 Re3+ 69. Kf2 Kg4 70. Rc4 Ra3 71. Rc2 Rh3 72. Kg1 Be3+ 73. Kg2 Rg3+ 74. Kf1 Rf3+ 75. Ke2 Bf4 76. Rc4 Re3+ 77. Kf2 Rf3+ 78. Ke2 Re3+ 79. Kd1 Rd3+ 80. Kc2 Rh3 81. Rc3 Rh2+ 82. Kd3 Rd2+ 83. Ke4 Re2+ 84. Kd5 Re5+ 85. Kd4 Re7 86. Rc6 Rd7+ 87. Ke4 Re7+ 88. Kd5 Re5+ 89. Kd4 Re1 90. Rcc8 Rd1+ 91. Ke4 Re1+ 92. Kd5 Re5+ 93. Kd4 Re1 94. Rce8 Rd1+ 95. Ke4 Re1+ 96. Kd5 Rd1+ 97. Ke6 Rd6+ 98. Kf7 Ra6 99. Re6 Ra7+ 100. Kg6 Ra1 101. Rc8 Rb1 102. Rc2 Ra1 103. Rg2+ Kh3 104. Ree2 Ra5 105. Rg1 Rb5 106. Re7 Kh2 107. Ree1 Kh3 108. Kh5 g4+ 109. Kg6 Bh2 110. Rgf1 g3 111. Rf5 Rb6+ 112. Rf6 Rxf6+ 113. Kxf6 g2 114. Kf5 g1=Q 115. Rxg1 Bxg1 116. Ke5 1/2-1/2